 Dungeon Crawl Stone Soup version 0.22-a0-353-g2d6336e (webtiles) character file.

130447 Gildeon the Severer (level 16, -7/149 HPs)
             Began as a Minotaur Fighter on Apr 9, 2018.
             Was the Champion of Trog.
             Killed from afar by a starcursed mass (13 damage)
             ... with an accursed screaming
             ... while paralysed by accursed screaming
             ... on level 4 of the Abyss on Apr 15, 2018.
             The game lasted 02:04:22 (25748 turns).

Gildeon the Severer (Minotaur Fighter)             Turns: 25748, Time: 02:04:23

Health: -7/149     AC: 34    Str: 30    XL:     16   Next: 53%
Magic:  0/4        EV:  2    Int:  2    God:    Trog [******]
Gold:   2502       SH:  0    Dex: 15    Spells: 15/15 levels left

rFire    . . .     SeeInvis .   u - +6 war axe (antimagic)
rCold    . . .     Gourm    .   c - +0 shield
rNeg     . . .     Faith    .   q - +8 crystal plate armour
rPois    +         Spirit   +   (helmet unavailable)
rElec    .         Reflect  .   C - +0 cloak
rCorr    .         Harm     .   j - +2 pair of gloves
MR       +....                  t - +2 pair of boots
Stlth    ..........             v - amulet of guardian spirit
HPRegen  0.34/turn              s - +6 ring of strength
MPRegen  0.09/turn              d - ring of poison resistance

@: paralysed, about to teleport, grasped by roots, very slightly contaminated,
very slow
A: retaliatory headbutt, horns 3, talons 1, [deformed body], [dopey 2], low mp
1, strong 1, evolution 1
a: Berserk, Trog's Hand, Brothers in Arms, Renounce Religion


You were on level 4 of the Abyss.
You worshipped Trog.
Trog was exalted by your worship.
You were not hungry.

You visited 5 branches of the dungeon, and saw 26 of its levels.
You visited the Abyss 1 time.
You also visited: Ice Cave.

You collected 2599 gold pieces.
You spent 97 gold pieces at shops.

Inventory:

Hand Weapons
 a - a +3 war axe
 e - the +9 mace "Widowmaker" {speed, +Fly}
   (You found it on level 4 of the Dungeon)

   Attacks with this weapon are significantly faster.
   It lets you fly.
 u - a +6 antimagic war axe (weapon)
 A - a +0 hand axe of distortion
 D - a +0 war axe of venom
 F - a +2 hand axe of flaming
 H - a +2 broad axe of freezing
Armour
 c - a +0 shield (worn)
 g - a +1 hat
 j - a +2 pair of gloves (worn)
 q - a +8 crystal plate armour (worn)
 t - a +2 pair of boots (worn)
 w - +0 ice dragon scales
 C - a +0 cloak (worn)
Jewellery
 b - an uncursed ring of flight
 d - a ring of poison resistance (right hand)
 p - an uncursed ring of see invisible
 s - a +6 ring of strength (left hand)
 v - an amulet of guardian spirit (around neck)
 z - an uncursed ring of ice
 G - an uncursed ring of positive energy
 I - the ring of the King {+Inv Int+3 Dex+4}
   (You found it in an ice cave)

   [ring of intelligence]

   It affects your intelligence (+3).
   It affects your dexterity (+4).
   It lets you turn invisible.
Wands
 x - a wand of acid (11)
 y - a wand of paralysis (17)
 E - a wand of iceblast (6)
Scrolls
 h - a scroll of magic mapping
 i - 2 scrolls of identify
 k - 3 scrolls of fear
 m - a scroll of blinking
 o - 4 scrolls of teleportation
 r - 9 scrolls of remove curse
 J - a scroll of enchant armour
Potions
 l - 11 potions of curing
 n - 3 potions of heal wounds
 B - a potion of cancellation
Comestibles
 f - 31 rations
 K - 6 chunks of flesh


   Skills:
 - Level 15.0 Fighting
 + Level 16.9 Axes
 - Level 16.1 Armour
 - Level 15.0 Dodging
 - Level 15.0 Shields


You had 15 spell levels left.
You didn't know any spells.

Dungeon Overview and Level Annotations

Branches:
Dungeon (15/15)            Temple (1/1) D:5            Lair (6/6) D:10
  Swamp (2/4) Lair:2       Spider (0/4) Lair:3        Slime (0/5) Lair:5
    Orc (2/2) D:12            Elf (0/3) Orc:2        Vaults (0/5) D:13
 Depths (0/5) D:15

Altars:
Fedhas
Kikubaaqudgha
Makhleb
Nemelex Xobeh
Qazlal
Sif Muna
Trog
Uskayaw
Wu Jian
Xom
Zin
The Shining One
Beogh

Shops:
D:14 [(   Orc:1 *   Orc:2 }(:%?

Portals:
Pandemonium: Orc:2

Annotations:
Swamp:1 Louise


Innate Abilities, Weirdness & Mutations

You reflexively headbutt those who attack you in melee.
You have a pair of large horns on your head.
You have sharp toenails.
Your magical capacity is low. (-10% MP)
Your muscles are strong. (Str +2)
You evolve.
[Armour fits poorly on your strangely shaped body.]
[You are very dopey. (Int -4)]


Message History

A spatial vortex comes into view.
You slash the shambling mangrove! You headbutt the shambling mangrove!
The shambling mangrove is moderately damaged.
You hit the starcursed mass.
The starcursed mass shudders and is absorbed by its neighbour.
You slash the wretched star!
The wretched star's magic leaks into the air.
The spatial vortex moves out of view.
The soul eater draws from the surrounding life force!
* * * LOW HITPOINT WARNING * * *
The shambling mangrove closely misses you.
A starcursed mass splits.
A cacophony of accursed wailing tears at your sanity!
* * * LOW HITPOINT WARNING * * *
You suddenly lose the ability to move!
The starcursed mass engulfs you but does no damage.
The shambling mangrove hits you!
* * * LOW HITPOINT WARNING * * *
A cacophony of accursed wailing tears at your sanity!
You die...

. . .. . .. # .
##.#.# .
###.XX..# .
###.X..X..# .#
###3*@# ..##
#..XXf# ..# .
###X3#.#X......
.#
#XXX###....♣♣♣.
. # # #.#..#
.≈≈≈♣ # ..
##.#3.# ≈.♣♣.≈
..
.#..#*#X.≈...♣.♣
#.##.. #..
E#XX.≈♣.♣ .# # #
# #.#XXXX.♣♣.≈♣
#


You could see 11 starcursed masses, a shambling mangrove, a wretched star, a
soul eater and a smoke demon.

Vanquished Creatures
  Rupert (D:12)
  Gastronok (D:10)
  Frances (D:12)
  Donald (Orc:1)
  2 orc warlords (Orc:1)
  2 caustic shrike zombies (D:15)
  A deep elf elementalist (Abyss:4)
  2 very ugly things (IceCv)
  Nessos (D:12)
  2 entropy weavers (Lair:5)
  A stone giant (Orc:1)
  Azrael (Orc:2)
  The ghost of p0werm0de the Pandemonic, a journeyman DDFi of Makhleb (Lair:5)
  Josephine (D:12)
  Fannar (D:12)
  A hydra (Lair:6)
  A rakshasa (Abyss:4)
  A catoblepas (Lair:6)
  An ice dragon (Lair:1)
  3 alligators (Swamp:1)
  A tengu warrior (D:15)
  5 two-headed ogres
  An ogre mage (D:13)
  A queen ant (Lair:5)
  Erica (D:9)
  A thrashing horror (Abyss:4)
  8 death yaks
  A deep troll shaman (Lair:6)
  5 orc high priests
  Sonja (Lair:3)
  2 skeletal warriors (D:15)
  An unseen horror (D:15)
  2 torturous demonspawn (Orc:2)
  2 gelid demonspawn (Orc:2)
  A flayed ghost (D:15)
  A deep elf archer (Orc:1)
  The ghost of p0werm0de the Chopper, a novice DDFi (D:5)
  5 orc knights (Orc:2)
  A necromancer (D:15)
  An oklob plant (Lair:4)
  2 manticores
  7 ugly things
  11 orc sorcerers
  2 deep elf magi (Orc:1)
  11 slime creatures
  2 cyclopes (D:15)
  2 worldbinders (Abyss:4)
  29 elephants
  6 ice statues
  Joseph (D:9)
  A stone giant skeleton (D:15)
  Maurice (Orc:2)
  A water nymph (Abyss:4)
  4 centaur zombies
  5 black mambas
  A spriggan zombie (D:15)
  10 spiny frogs
  An orange demon (Orc:2)
  2 gargoyles
  2 anaconda simulacra (IceCv)
  A rime drake (Lair:5)
  A komodo dragon (shapeshifter) (D:13)
  An ice devil (Orc:2)
  7 komodo dragons
  A hellwing (Orc:2)
  2 tengu conjurers
  3 meliai (D:13)
  7 polar bears
  9 trolls
  Prince Ribbit (D:7)
  3 tyrant leeches (Swamp:1)
  A wind drake (shapeshifter) (D:13)
  4 dream sheep (Lair:5)
  2 raiju (Abyss:4)
  5 blink frogs (Lair:4)
  11 hippogriffs
  8 wraiths
  7 wyverns
  A ynoxinul (Abyss:4)
  A vampire (D:14)
  32 yaks
  3 basilisks
  A dire elephant simulacrum (IceCv)
  A neqoxec (Abyss:4)
  2 hungry ghosts
  5 fire elementals (Orc:1)
  10 vampire mosquitoes
  2 swamp worms (Swamp:1)
  Menkaure (D:5)
  4 wargs (Orc:1)
  2 harpy simulacra (IceCv)
  2 iron troll simulacra (IceCv)
  23 soldier ants
  5 hell hounds
  12 water moccasins
  7 porcupines
  A hydra simulacrum (IceCv)
  4 sky beasts
  10 ice beasts
  52 orc warriors
  An ettin simulacrum (IceCv)
  A swamp drake (Swamp:1)
  3 black bears
  2 eyes of draining (D:6)
  A necrophage (D:11)
  7 ogres
  A phantom (D:8)
  30 wolves
  3 boggarts (D:15)
  5 centaurs
  6 crocodiles
  15 bullfrogs
  3 big kobolds
  2 gnoll sergeants
  2 wyvern zombies
  3 scorpions
  6 wights
  19 killer bees
  4 electric eels (D:11)
  6 howler monkeys
  3 bullfrog zombies
  5 crimson imps
  A starcursed mass (Abyss:4)
  3 quasits
  20 jellies
  38 orc priests
  8 hounds
  23 orc wizards
  10 centaur skeletons
  2 bullfrog skeletons
  2 iguanas
  29 worker ants
  2 hound zombies
  16 adders
  9 gnolls
  3 shadow imps
  2 oozes (Lair:5)
  An adder zombie (D:6)
  A worm (D:3)
  2 dart slugs
  A leopard gecko (D:2)
  118 orcs
  6 bats
  6 giant cockroaches
  5 goblins
  5 hobgoblins
  12 jackals
  25 kobolds
  6 quokkas
  A ball python (D:3)
  6 frilled lizards
  A jackal skeleton (D:9)
  A jackal zombie (D:7)
  A leopard gecko skeleton (D:4)
  2 leopard gecko zombies
  5 rats
  3 fungi
  5 plants
  A withered plant (D:15)
934 creatures vanquished.

Vanquished Creatures (others)
  A small abomination (Abyss:4)
  An orc priest (Orc:2)
  An orc (D:9)
  7 fungi
  6 plants
  A withered plant (D:15)
17 creatures vanquished.

Grand Total: 951 creatures vanquished

Notes
Turn   | Place    | Note
-------+----------+-------------------------------------------
     0 | D:1      | Gildeon the Minotaur Fighter began the quest for the Orb.
     0 | D:1      | Reached XP level 1. HP: 19/19 MP: 0/0
   216 | D:1      | Reached XP level 2. HP: 26/26 MP: 1/1
   690 | D:2      | Found a burning altar of Makhleb.
   697 | D:2      | Reached XP level 3. HP: 27/31 MP: 2/2
   805 | D:2      | Reached skill level 5 in Axes
   988 | D:2      | Reached XP level 4. HP: 30/39 MP: 3/3
  1642 | D:3      | Reached XP level 5. HP: 43/45 MP: 4/4
  1646 | D:3      | Found a shimmering altar of Xom.
  2003 | D:4      | Got a jewelled mace
  2036 | D:4      | Identified the +9 mace "Widowmaker" {speed, +Fly} (You found it on level 4 of the Dungeon)
  2182 | D:4      | Found an ancient bone altar of Kikubaaqudgha.
  2182 | D:4      | Found a blossoming altar of Fedhas.
  2392 | D:4      | Reached XP level 6. HP: 51/51 MP: 5/5
  2533 | D:5      | Entered Level 5 of the Dungeon
  2636 | D:5      | Noticed Menkaure
  2642 | D:5      | Killed Menkaure
  2867 | D:5      | Found a staircase to the Ecumenical Temple.
  2878 | Temple   | Entered the Ecumenical Temple
  2891 | Temple   | Became a worshipper of Trog the Wrathful
  3135 | D:5      | Found a hide-covered altar of Uskayaw.
  3217 | D:5      | Noticed p0werm0de's ghost (novice DDFi)
  3237 | D:5      | Killed p0werm0de's ghost
  3237 | D:5      | Reached XP level 7. HP: 44/57 MP: 6/6
  3469 | D:5      | Reached XP level 8. HP: 64/64 MP: 7/7
  4302 | D:6      | Reached * piety under Trog
  4332 | D:6      | Found an ornate altar of the Wu Jian Council.
  4337 | D:6      | Found a deep blue altar of Sif Muna.
  4495 | D:6      | Found a bloodstained altar of Trog.
  4667 | D:7      | Noticed Prince Ribbit
  4680 | D:7      | Killed Prince Ribbit
  4680 | D:7      | Reached XP level 9. HP: 56/70 MP: 8/8
  5643 | D:8      | Noticed a two-headed ogre
  5653 | D:8      | Reached ** piety under Trog
  5661 | D:8      | Killed a two-headed ogre
  5661 | D:8      | Reached skill level 15 in Axes
  5939 | D:8      | You fall through a shaft!
  5957 | D:9      | Noticed Joseph
  5983 | D:9      | Killed Joseph
  5983 | D:9      | Reached XP level 10. HP: 61/77 MP: 9/9
  6091 | D:8      | Found a glowing golden altar of the Shining One.
  6385 | D:8      | Reached skill level 5 in Fighting
  6564 | D:8      | Found a sparkling altar of Nemelex Xobeh.
  6842 | D:9      | Reached skill level 5 in Armour
  6932 | D:9      | Reached skill level 1 in Dodging
  6987 | D:9      | Noticed Erica
  6987 | D:9      | Reached *** piety under Trog
  7017 | D:9      | Killed Erica
  7017 | D:9      | Reached skill level 5 in Dodging
  7066 | D:9      | Reached skill level 5 in Shields
  7566 | D:10     | Entered Level 10 of the Dungeon
  7566 | D:10     | Noticed a gargoyle
  7570 | D:10     | Killed a gargoyle
  7792 | D:10     | Reached XP level 11. HP: 92/92 MP: 10/10
  7940 | D:10     | Found a staircase to the Lair.
  7957 | D:10     | Noticed Gastronok
  7993 | D:10     | Killed Gastronok
  7993 | D:10     | Reached **** piety under Trog
  7993 | D:10     | Reached skill level 10 in Fighting
  8265 | D:10     | Noticed a two-headed ogre
  8274 | D:10     | Killed a two-headed ogre
  8699 | D:11     | Gained mutation: You are resistant to electric shocks. (rElec) [potion of mutation]
  8699 | D:11     | Gained mutation: You are occasionally teleported next to monsters. [potion of mutation]
  8699 | D:11     | Gained mutation: You are partially covered in slimy green scales. (AC +2) [potion of mutation]
  8699 | D:11     | Gained mutation: Your flesh is heat resistant. (rF+) [potion of mutation]
  8988 | D:11     | Received a gift from Trog
  9120 | D:11     | Reached skill level 10 in Armour
  9202 | D:11     | Noticed a red ugly thing
  9219 | D:11     | Killed a red ugly thing
  9963 | Lair:1   | Entered Level 1 of the Lair of Beasts
 10021 | Lair:1   | Reached ***** piety under Trog
 10038 | Lair:1   | Reached XP level 12. HP: 93/106 MP: 11/11
 10773 | Lair:1   | Noticed an ice dragon
 10789 | Lair:1   | Killed an ice dragon
 10789 | Lair:1   | Reached skill level 10 in Dodging
 11191 | Lair:2   | Found a staircase to the Swamp.
 11844 | Lair:3   | Reached skill level 10 in Shields
 12009 | Lair:3   | Noticed Sonja
 12017 | Lair:3   | Killed Sonja
 12048 | Lair:3   | Found a hole to the Spider Nest.
 12613 | Lair:4   | Received a gift from Trog
 12773 | Lair:4   | Found a labyrinth entrance.
 12935 | Lair:4   | Reached XP level 13. HP: 117/117 MP: 12/12
 13333 | Lair:4   | Found a blossoming altar of Fedhas.
 13836 | Lair:5   | Found a staircase to the Slime Pits.
 14037 | Lair:5   | Noticed p0werm0de's ghost (journeyman DDFi)
 14046 | Lair:5   | Killed p0werm0de's ghost
 14283 | Lair:5   | Reached skill level 15 in Fighting
 14305 | Lair:5   | Noticed an entropy weaver
 14390 | Lair:5   | Killed an entropy weaver
 14393 | Lair:5   | Lost mutation: Your flesh is heat resistant. (rF+) [potion of mutation]
 14393 | Lair:5   | Lost mutation: You are partially covered in slimy green scales. (AC +2) [potion of mutation]
 14393 | Lair:5   | Lost mutation: You are occasionally teleported next to monsters. [potion of mutation]
 14393 | Lair:5   | Lost mutation: You are resistant to electric shocks. (rElec) [potion of mutation]
 14393 | Lair:5   | Gained mutation: You evolve. [potion of mutation]
 14393 | Lair:5   | Gained mutation: You expend magic power (3 MP) to strengthen your wands. [potion of mutation]
 14404 | Lair:5   | Gained mutation: You can translocate small distances at will. [evolution]
 14636 | Lair:5   | Received a gift from Trog
 14923 | Lair:5   | Noticed an entropy weaver
 14947 | Lair:5   | Killed an entropy weaver
 14947 | Lair:5   | Reached XP level 14. HP: 87/135 MP: 1/13
 15459 | Lair:6   | Entered Level 6 of the Lair of Beasts
 16250 | Lair:6   | Received a gift from Trog
 16250 | Lair:6   | Reached skill level 15 in Armour
 16878 | D:12     | Noticed Josephine
 16893 | D:12     | Killed Josephine
 16944 | D:12     | Noticed Fannar
 16964 | D:12     | Killed Fannar
 17135 | D:12     | Noticed Frances
 17151 | D:12     | Killed Frances
 17205 | D:12     | Found a staircase to the Orcish Mines.
 17206 | D:12     | Noticed Nessos
 17219 | D:12     | Found a roughly hewn altar of Beogh.
 17238 | D:12     | Killed Nessos
 17373 | D:12     | Noticed Rupert
 17383 | D:12     | Killed Rupert
 17903 | D:13     | Reached ****** piety under Trog
 18244 | D:13     | Reached XP level 15. HP: 141/141 MP: 4/14
 18251 | D:13     | Received a gift from Trog
 18264 | D:13     | Found a gate to the Vaults.
 18643 | Orc:1    | Entered Level 1 of the Orcish Mines
 18673 | Orc:1    | Noticed an orc warlord
 18717 | Orc:1    | Killed an orc warlord
 18759 | Orc:1    | Noticed an orc warlord
 18790 | D:12     | Gained mutation: You passively map a small area around you. [evolution]
 18981 | Orc:1    | Killed an orc warlord
 19329 | Orc:1    | Found Tiagodar's Assorted Antiques.
 19686 | Orc:2    | Entered Level 2 of the Orcish Mines
 19689 | Orc:2    | Noticed Azrael
 19771 | Orc:1    | Received a gift from Trog
 19986 | Orc:2    | Noticed Donald
 19986 | Orc:2    | Killed Azrael
 20188 | Orc:1    | Killed Donald
 20265 | Orc:2    | Lost mutation: You expend magic power (3 MP) to strengthen your wands. [potion of mutation]
 20265 | Orc:2    | Lost mutation: You can translocate small distances at will. [potion of mutation]
 20265 | Orc:2    | Lost mutation: You passively map a small area around you. [potion of mutation]
 20265 | Orc:2    | Gained mutation: You have sharp toenails. [potion of mutation]
 20265 | Orc:2    | Gained mutation: You have a pair of large horns on your head. [potion of mutation]
 20266 | Orc:2    | Identified a scroll of acquirement
 20886 | Orc:2    | Found Zoweab's Gadget Emporium.
 20978 | Orc:2    | Found Humuidghu's Food Shop.
 20980 | Orc:2    | Found Eryrr's Magic Scroll Boutique.
 20984 | Orc:2    | Noticed Maurice
 20999 | Orc:2    | Killed Maurice
 21009 | Orc:2    | Received a gift from Trog
 21205 | Orc:2    | Paralysed by an orc sorcerer for 5 turns
 21210 | Orc:2    | HP: 2/141 [orc knight/war axe (22)]
 21221 | Orc:2    | Reached skill level 15 in Dodging
 21754 | Orc:2    | Bought a scroll of enchant weapon for 97 gold pieces
 21828 | Orc:2    | Gained mutation: Your magical capacity is low. (-10% MP) [a neqoxec]
 21876 | Orc:2    | Paralysed by an orc sorcerer for 6 turns
 22226 | Orc:2    | Found a staircase to the Elven Halls.
 22307 | Orc:2    | Found Everub's Antique Weapon Emporium.
 22307 | Orc:2    | Found a one-way gate leading to the halls of Pandemonium.
 22307 | Orc:2    | Found Silimiu's Book Shoppe.
 22681 | D:14     | Found a burning altar of Makhleb.
 22703 | D:14     | Found Gashod's Weapon Shoppe.
 22827 | D:14     | Found a glowing silver altar of Zin.
 22906 | D:14     | Received a gift from Trog
 23037 | D:14     | Found Kehechiedo's Antique Armour Emporium.
 23233 | D:15     | Entered Level 15 of the Dungeon
 23425 | D:15     | Reached XP level 16. HP: 149/149 MP: 4/13
 23502 | D:15     | Found a staircase to the Depths.
 24364 | D:15     | Upgraded the game from 0.22-a0-348-gd16d139 to 0.22-a0-353-g2d6336e
 24695 | Swamp:1  | Entered Level 1 of the Swamp
 24768 | Swamp:1  | Gained mutation: Your muscles are strong. (Str +2) [evolution]
 24988 | Swamp:1  | Found a frozen archway.
 25000 | IceCv    | Entered an ice cave
 25120 | IceCv    | Received a gift from Trog
 25212 | IceCv    | Reached skill level 15 in Shields
 25525 | IceCv    | Got a fine iron ring
 25531 | IceCv    | Identified the ring of the King {+Inv Int+3 Dex+4} (You found it in an ice cave)
 25603 | Swamp:1  | Noticed Louise
 25603 | Swamp:1  | Cast into level 3 of the Abyss (Louise)
 25733 | Abyss:4  | Paralysed by accursed screaming for 1 turns
 25747 | Abyss:4  | Paralysed by accursed screaming for 2 turns
 25748 | Abyss:4  | HP: 6/149 [shambling mangrove (6)]
 25748 | Abyss:4  | Killed from afar by a starcursed mass

Vault maps used:
D:1:      dpeg_arrival_snail
D:2:      old_standard_altar
D:3:      marbit_many_paths, first_ration
D:4:      grunt_temple_overflow_growth_and_decay
D:5:      lemuel_doored_altar, temple_statues, kennysheep_generic_room_9,
          uniq_menkaure
D:6:      minitemple, hangedman_decor_lopped, trog_eyes_of_draining
D:7:      uniq_prince_ribbit1
D:8:      basic_altar, grunt_ogre_cave, nemelex_spade_bored_becter
D:9:      sword_in_stone, uniq_joseph, uniq_erica
D:10:     lair_entry_dummy, uniq_gastronok
D:11:     serial_bayou_lake_a
D:12:     minmay_orc_entry_temple_small, uniq_nessos, uniq_fannar,
          uniq_josephine, uniq_frances, uniq_rupert
D:13:     david_vaults_2, special_room
D:14:     serial_shops, nicolae_shop_behind_doors, shop, basic_altar,
          lemuel_statue_altar, hex_large, hangedman_decor_opposing
D:15:     gammafunk_depths_entry_grave, minmay_misc_feat_hallway,
          hangedman_decor_peaks_small, lemuel_nasty_fountain
Temple:   regret_index_temple_waves
Lair:1:   dragon1_lemuel, cheibrodos_lair_lostbears, grunt_megastairs_2
Lair:2:   beast_lair_carwin_large_1, swamp_mist, infiniplex_staircase_pool_2
Lair:3:   dummy_spider_entry, lemuel_fruit_fields, uniq_sonja
Lair:4:   lab_entry_generic, enter_volcano_3, tgw_fedhas
Lair:5:   minmay_slime_entry_jelly_boxes, minivault_29
Lair:6:   grunt_lair_end_beastmaster
Swamp:1:  portal_ice_cave_entry_ice_statue_one, evilmike_swamp_ruin_house_3,
          uniq_louise
Swamp:2:  serial_swamp_ruin, evilmike_swamp_ruin_house_5,
          hangedman_swamp_ruin_wall, swamp_pool2
Orc:1:    serial_shops, shop_fountains, elf_legates
Orc:2:    pf_orc_diabolical, guppyfry_orc_lava_fort, uniq_maurice, uniq_azrael,
          uniq_donald
Abyss:3:  nicolae_abyss_rune_left_handed
Abyss:4:  evilmike_abyss_exit_smiterflies
IceCv:    ice_cave_statue_garden_chambered

Skill      XL: |  1  2  3  4  5  6  7  8  9 10 11 12 13 14 15 16 |
---------------+-------------------------------------------------+-----
Axes           | 3 4 5 6 7 11 13 16 | 16.9
Fighting       | 7 10 11 15 | 15.0
Armour         | 5 10 12 16 | 16.1
Dodging        | 5 7 10 11 15 | 15.0
Shields        | 5 10 12 15 | 15.0

Action                   |  1- 3 |  4- 6 |  7- 9 | 10-12 | 13-15 | 16-18 || total
-------------------------+-------+-------+-------+-------+-------+-------++-------
Melee: War axe           |   105 |   165 |   267 |   766 |  1392 |   228 ||  2923
       Headbutt          |     7 |    34 |    60 |   186 |   438 |   131 ||   856
       Mace              |       |       |       |       |    10 |       ||    10
       Broad axe         |       |       |       |       |    64 |       ||    64
       Hand axe          |       |       |       |       |       |   130 ||   130
Invok: Berserk           |       |       |       |     1 |       |       ||     1
Evoke: Wand              |       |       |     5 |    20 |    22 |     2 ||    49
  Use: Scroll            |       |    16 |     3 |    18 |    20 |     8 ||    65
       Potion            |       |     3 |       |     8 |    17 |     1 ||    29
 Stab: Paralysed         |       |       |     3 |    11 |     5 |     2 ||    21
       Petrified         |       |       |       |       |    21 |       ||    21
       Distracted        |       |       |       |       |     1 |       ||     1
  Eat: Chunk             |       |     2 |     4 |    10 |    18 |     1 ||    35
       Ration            |       |     2 |     1 |     5 |     5 |     2 ||    15
Armor: Scale mail        |    53 |       |       |       |       |       ||    53
       Crystal plate arm |    10 |   118 |   158 |   442 |   743 |   187 ||  1658
Dodge: Dodged            |    33 |     8 |     3 |   129 |   448 |   138 ||   759
Block: Shield            |    65 |    91 |   105 |   342 |   882 |   222 ||  1707

Table legend:
 A = Spawn XP
 B = Non-spawn XP
 C = Spawn XP percentage of total XP
 D = Spawn monster count
 E = Non-spawn monster count
 F = Spawn count percentage of total count
 G = Total turns spent on level
                    A         B        C        D         E        F      G
               +---------+---------+-------+---------+---------+-------+---------
         Total |    1265 |  185088 |   0.7 |       3 |     924 |   0.3 | 25748
               +---------+---------+-------+---------+---------+-------+---------
           D:1 |       0 |      23 |   0.0 |       0 |      14 |   0.0 |   567
           D:2 |       0 |      86 |   0.0 |       0 |      22 |   0.0 |   703
           D:3 |       0 |     101 |   0.0 |       0 |      24 |   0.0 |   701
           D:4 |       0 |     181 |   0.0 |       0 |      12 |   0.0 |   562
           D:5 |       0 |    1062 |   0.0 |       0 |      10 |   0.0 |  1002
           D:6 |       0 |    1086 |   0.0 |       0 |      31 |   0.0 |  1099
           D:7 |       0 |     838 |   0.0 |       0 |      21 |   0.0 |   813
           D:8 |       0 |    2502 |   0.0 |       0 |      33 |   0.0 |  1090
           D:9 |       0 |    3661 |   0.0 |       0 |      49 |   0.0 |  1002
          D:10 |       0 |    6452 |   0.0 |       0 |      30 |   0.0 |  1086
          D:11 |       0 |    4600 |   0.0 |       0 |      42 |   0.0 |  1419
          D:12 |       0 |   12357 |   0.0 |       0 |      43 |   0.0 |  1215
          D:13 |       0 |    9212 |   0.0 |       0 |      61 |   0.0 |   827
          D:14 |       0 |    6349 |   0.0 |       0 |      24 |   0.0 |   719
          D:15 |       0 |   16472 |   0.0 |       0 |      39 |   0.0 |  1319
        Lair:1 |       0 |    6371 |   0.0 |       0 |      20 |   0.0 |  1004
        Lair:2 |       0 |    4114 |   0.0 |       0 |      25 |   0.0 |   792
        Lair:3 |       0 |    4362 |   0.0 |       0 |      14 |   0.0 |   846
        Lair:4 |       0 |    8765 |   0.0 |       0 |      26 |   0.0 |  1139
        Lair:5 |       0 |   21686 |   0.0 |       0 |     102 |   0.0 |  1820
        Lair:6 |       0 |   17776 |   0.0 |       0 |      50 |   0.0 |  1265
       Swamp:1 |       0 |    6390 |   0.0 |       0 |      17 |   0.0 |   343
         Orc:1 |       0 |   16589 |   0.0 |       0 |      83 |   0.0 |  1687
         Orc:2 |       0 |   21613 |   0.0 |       0 |     102 |   0.0 |  1991
       Abyss:4 |    1265 |    4598 |  21.6 |       3 |       8 |  27.3 |   128
         IceCv |       0 |    7842 |   0.0 |       0 |      22 |   0.0 |   563
               +---------+---------+-------+---------+---------+-------+---------
